 Dungeon Crawl Stone Soup version 0.20-a0-1078-g4874019 (webtiles) character file.

165 Murumi the Covert (level 5, -2/37 HPs)
             Began as a Vampire Enchanter on Apr 30, 2017.
             Slain by a gnoll
             ... wielding a +0 spear
              (9 damage)
             ... on level 3 of the Dungeon.
             The game lasted 00:13:07 (3326 turns).

Murumi the Covert (Vampire Enchanter)               Turns: 3326, Time: 00:13:08

Health: -2/37      AC:  3    Str:  7    XL:     5   Next: 21%
Magic:  3/8        EV: 13    Int: 17    God:
Gold:   137        SH:  0    Dex: 16    Spells: 3/8 levels left

rFire    . . .     SeeInvis +   a - +1 dagger
rCold    + . .     Gourm    .   (no shield)
rNeg     + + .     Faith    .   b - +1 robe
rPois    +         Spirit   .   (no helmet)
rElec    .         Reflect  .   (no cloak)
rCorr    .         Harm     .   (no gloves)
MR       .....                  (no boots)
Stlth    ++++++....             (no amulet)
Regen    0.1/turn               e - ring of wizardry
MPRegen  0.2/turn               n - ring of stealth

@: regenerating slowly
A: fangs 3, see invisible, unbreathing
a: Bat Form


You were on level 3 of the Dungeon.
You were very thirsty.

You visited 1 branch of the dungeon, and saw 3 of its levels.

You collected 137 gold pieces.

Inventory:

Hand Weapons
 a - a +1 dagger (weapon)
Armour
 b - a +1 robe (worn)
Jewellery
 e - a ring of wizardry (left hand)
 n - a ring of stealth (right hand)
 p - a +2 ring of protection
Wands
 j - a wand of digging (14/24)
Scrolls
 i - a scroll of magic mapping
 m - a scroll of remove curse
 o - 2 scrolls of teleportation
Potions
 d - 16 potions of blood
 f - a potion of haste {unknown}
 g - 2 potions of curing {unknown}
 h - a potion of lignification {unknown}
 k - a potion of berserk rage
 l - 2 potions of heal wounds {unknown}
Books
 c - a book of Maledictions

   Spells                             Type                      Level
   a - Corona                         Hexes                        1
   b - Ensorcelled Hibernation        Hexes/Ice                    2
   c - Confuse                        Hexes                        3
   d - Tukima's Dance                 Hexes                        3
   e - Dazzling Spray                 Conjuration/Hexes            3


   Skills:
 - Level 1.0 Fighting
 - Level 2.1 Short Blades
 - Level 2.1 Dodging
 + Level 8.4 Stealth
 - Level 2.0 Spellcasting
 - Level 4.4 Hexes


You had 3 spell levels left.
You knew the following spells:

 Your Spells              Type           Power        Failure   Level  Hunger
b - Ensorcelled Hibernat  Hex/Ice        #.....       4%          2    ###....
c - Confuse               Hex            ###.....     4%          3    ###....


Dungeon Overview and Level Annotations

Branches:
Dungeon (3/15)

Altars:
Gozag
Ru
Uskayaw


Innate Abilities, Weirdness & Mutations

You heal slowly.
You have razor-sharp teeth.
You have supernaturally acute eyesight. (SInv)
You can survive without breathing.


Message History

You hit the gnoll.
The gnoll is heavily wounded.
The gnoll hits you but does no damage. The gnoll closely misses you.
You hit the gnoll but do no damage.
The gnoll is heavily wounded.
The gnoll hits you with a spear.
The gnoll hits you from afar with a spear.
* * * LOW HITPOINT WARNING * * *
You hit the gnoll but do no damage.
The gnoll is heavily wounded.
The gnoll hits you with a spear.
* * * LOW HITPOINT WARNING * * *
The gnoll barely misses you.
You hit the gnoll.
The gnoll is heavily wounded.
The gnoll misses you. The gnoll hits you but does no damage.
Okay, then.
Use e to drain blood from corpses.
The gnoll hits you from afar with a spear!
You die...

#
##############g#####
...[......[@†gg.....
.........#####.#####
.#.#####.### #
#......## .#####
#.##..#.## ......
#.#..###.## ######
....## ##.# ## #
#.##. ##.## #.
####.# #.#
#.#..##############.


You could see 3 gnolls.

Vanquished Creatures
  An orc priest (D:3)
  An orc wizard (D:3)
  2 adders (D:2)
  An ooze (D:1)
  2 worms
  4 dart slugs
  A leopard gecko (D:2)
  3 orcs (D:3)
  A ball python (D:3)
  6 bats
  A giant cockroach (D:2)
  11 goblins
  9 hobgoblins
  4 jackals (D:1)
  9 kobolds
  5 frilled lizards
  4 rats (D:1)
65 creatures vanquished.

Notes
Turn   | Place    | Note
-------+----------+-------------------------------------------
     0 | D:1      | Murumi the Vampire Enchanter began the quest for the Orb.
     0 | D:1      | Reached XP level 1. HP: 13/13 MP: 3/3
   336 | D:1      | Reached skill level 5 in Stealth
   344 | D:1      | Reached XP level 2. HP: 19/19 MP: 3/5
   357 | D:1      | Learned a level 2 spell: Ensorcelled Hibernation
   607 | D:1      | Reached skill level 1 in Fighting
  1391 | D:1      | Reached skill level 6 in Stealth
  1391 | D:1      | Reached XP level 3. HP: 26/26 MP: 6/6
  1653 | D:1      | Learned a level 3 spell: Confuse
  2225 | D:2      | Reached skill level 7 in Stealth
  2295 | D:2      | Found a faded altar of an unknown god.
  2340 | D:2      | Reached XP level 4. HP: 31/32 MP: 2/7
  2456 | D:2      | Found an opulent altar of Gozag.
  2705 | D:3      | Found a sacrificial altar of Ru.
  2880 | D:3      | Reached skill level 8 in Stealth
  2880 | D:3      | Reached XP level 5. HP: 14/37 MP: 0/8
  3127 | D:3      | Found a hide-covered altar of Uskayaw.
  3326 | D:3      | Slain by a gnoll

Vault maps used:
D:1:      dpeg_arrival_more_subterranean_lakeside_camping,
          hangedman_glass_garden
D:2:      chequers_ecumenical_altar_simple, first_bread,
          nicolae_gozag_seed_capital
D:3:      nicolae_ru_sacrificial_ziggurat, eat_drink_and_be_merry_uskayaw,
          tgw_fedhas

Skill      XL: |  1  2  3  4 |
---------------+-------------+-----
Stealth        | 5 6 7 8 |  8.4
Fighting       | 1 |  1.0
Short Blades   | 2 |  2.1
Dodging        | |  2.1
Spellcasting   | |  2.0
Hexes          | |  4.4

Action                   |  1- 3 |  4- 6 || total
-------------------------+-------+-------++-------
Melee: Dagger            |    90 |    40 ||   130
       Bite              |     1 |     3 ||     4
 Cast: Corona            |     4 |       ||     4
       Ensorcelled Hiber |    30 |     9 ||    39
       Confuse           |       |     2 ||     2
  Use: Scroll            |     4 |     3 ||     7
       Potion            |       |     2 ||     2
 Stab: Sleeping          |    35 |    15 ||    50
       Distracted        |       |     1 ||     1
  Eat: Corpse            |       |     2 ||     2
Armor: Robe              |    15 |     4 ||    19
Dodge: Dodged            |    53 |    18 ||    71
